 Dungeon Crawl Stone Soup version 0.28.0-45-g0d030f2227 (webtiles) character file.

Game seed: 13688024579040874942

241795 protoss039 the Eclecticist (level 19, -15/116 HPs)
             Began as a Gargoyle Earth Elementalist on Apr 14, 2022.
             Was the Champion of Vehumet.
             Demolished by a dire elephant (23 damage)
             ... on level 1 of the Vaults.
             The game lasted 03:14:45 (61581 turns).

protoss039 the Eclecticist (GrEE)                  Turns: 61581, Time: 03:14:46

Health: -15/116    AC: 36    Str: 13    XL:     19   Next: 36%
Magic:  42/49      EV:  9    Int: 23    God:    Vehumet [******]
Gold:   168        SH: 12    Dex: 10    Spells: 3/52 levels left

rFire   + . .      SeeInvis .   i - +9 trident "Ypsiupod" {venom, *Noise rC+ Will+++ Stlth+}
rCold   + . .      Faith    .   A - +0 kite shield {reflect}
rNeg    + . .      Spirit   .   x - +1 scale mail {rF+}
rPois   ∞          Reflect  +   a - +2 helmet
rElec   +          Harm     .   J - +0 cloak
rCorr   .          Rampage  .   P - +0 pair of gloves
Will    ++++.                   K - +2 pair of boots
Stlth   ++........              E - amulet of magic regeneration
HPRegen 0.29/turn               q - ring of magical power
MPRegen 0.71/turn               H - ring of wizardry

@: flying
A: sickness immunity, AC +14, big wings, negative energy resistance 1,
electricity resistance, torment resistance 1, petrification resistance
}: 2/15 runes: barnacled, gossamer
a: Renounce Religion


You were on level 1 of the Vaults.
You worshipped Vehumet.
Vehumet was exalted by your worship.
You visited 8 branches of the dungeon, and saw 35 of its levels.
You also visited: Ice Cave.

You collected 2796 gold pieces.
You spent 2628 gold pieces at shops.

Inventory:

Hand Weapons
 i - the +9 trident "Ypsiupod" (weapon) {venom, *Noise rC+ Will+++ Stlth+}
   (You found it on level 6 of the Lair of Beasts)

   It poisons the flesh of those it strikes.
   rC:        It protects you from cold.
   *Noise:    It may make noises in combat.
   Will:      It greatly increases your willpower.
   Stlth:     It makes you more stealthy.
 X - the +4 whip of Imuxzun {venom, rElec rC+ rN+}
   (You bought it in a shop on level 2 of the Elven Halls)

   It poisons the flesh of those it strikes.
   rC:        It protects you from cold.
   rElec:     It insulates you from electricity.
   rN:        It protects you from negative energy.
Missiles
 c - 485 stones
 R - 3 throwing nets
Armour
 a - a +2 helmet (worn)
 t - a +2 robe of willpower
 x - a +1 scale mail of fire resistance (worn)
 A - a +0 kite shield of reflection (worn)
 J - a +0 cloak (worn)
 K - a +2 pair of boots (worn)
 P - a +0 pair of gloves (worn)
Magical Staves
 D - a staff of earth
 O - a staff of fire
Jewellery
 d - a +6 ring of intelligence
 q - a ring of magical power (left hand)
 w - a ring of resist corrosion
 E - an amulet of magic regeneration (around neck)
 H - a ring of wizardry (right hand)
 L - a ring of fire
 T - the ring "Hiont" {Fly SInv}
   (You found it on level 6 of the Lair of Beasts)

   [ring of see invisible]

   SInv:      It lets you see invisible.
   Fly:       It grants you flight.
 W - an amulet of regeneration
Wands
 e - a wand of acid (12)
 z - a wand of iceblast (23)
 B - a wand of digging (9)
 I - a wand of flame (70)
Scrolls
 b - 6 scrolls of blinking
 g - a scroll of amnesia
 h - a scroll of summoning
 n - 13 scrolls of teleportation
 u - 10 scrolls of enchant armour
 y - 9 scrolls of immolation
 G - 3 scrolls of fear
 M - 3 scrolls of enchant weapon
 Q - 4 scrolls of brand weapon
 U - 5 scrolls of fog
 Y - 2 scrolls of holy word
Potions
 j - 7 potions of haste
 k - 5 potions of mutation
 l - 3 potions of curing
 m - 5 potions of brilliance
 o - 4 potions of attraction
 p - a potion of resistance
 r - 6 potions of ambrosia
 s - 9 potions of heal wounds
 v - a potion of invisibility
 C - a potion of berserk rage
 F - 5 potions of might
 N - 5 potions of lignification
 S - a potion of magic
 V - 3 potions of cancellation


   Skills:
 - Level 12.0 Fighting
 - Level 15.0 Armour
 - Level 3.0 Dodging
 - Level 3.1 Stealth
 - Level 15.0 Shields
 * Level 17.0 Spellcasting
 - Level 12.0 Conjurations
 - Level 6.0 Necromancy
 - Level 6.0 Transmutations
 - Level 1.0 Fire Magic
 - Level 3.0 Ice Magic
 - Level 3.0 Air Magic
 + Level 14.9 Earth Magic
 - Level 3.0 Poison Magic


You had 3 spell levels left.
You knew the following spells:

 Your Spells              Type           Power      Damage    Failure   Level
a - Sandblast             Erth           100%       2d20      1%          1
b - Passwall              Tmut/Erth      50%        N/A       1%          2
c - Stone Arrow           Conj/Erth      100%       3d13      1%          3
d - Ignition              Fire           12%        3d6       100%        8
f - Mephitic Cloud        Conj/Pois/Air  47%        N/A       1%          3
g - Freezing Cloud        Conj/Ice/Air   23%        6-21      4%          5
i - Borgnjor's Vile Clut  Necr/Erth      30%        N/A       2%          5
j - Iron Shot             Conj/Erth      34%        9d7       1%          6
k - Orb of Destruction    Conj           32%        9d10      10%         7
m - Shatter               Erth           36%        3d29*     91%         9

Your spell library contained the following spells:

 Spells                   Type           Power      Damage    Failure   Level
 Chain Lightning          Conj/Air       26%        3d34      100%        9
 Poisonous Vapours        Pois/Air       66%        N/A       1%          2
 Static Discharge         Conj/Air       52%        N/A       1%          2
 Wereblood                Tmut           47%        N/A       1%          2
 Conjure Flame            Conj/Fire      49%        6-21      1%          3
 Dazzling Flash           Conj/Hex       94%        N/A       1%          3
 Ignite Poison            Fire/Tmut/Pois 34%        N/A       1%          3
 Summon Small Mammal      Summ           76%        N/A       6%          1
 Blink                    Tloc           38%        N/A       9%          2
 Lesser Beckoning         Tloc           19%        N/A       16%         3
 Petrify                  Tmut/Erth      61%        N/A       1%          4
 Sticky Flame             Conj/Fire      49%        2d7       1%          4
 Iskenderun's Battlesphe  Conj           65%        2d11      1%          5
 Lee's Rapid Deconstruct  Erth           36%        3d19*     1%          5
 Animate Armour           Summ/Erth      100%       N/A       2%          4
 Leda's Liquefaction      Hex/Erth       26%        N/A       2%          4
 Lightning Bolt           Conj/Air       26%        1d42      2%          5
 Fireball                 Conj/Fire      24%        3d11      3%          5
 Airstrike                Air            16%        N/A       4%          4
 Animate Dead             Necr           23%        N/A       4%          4
 Dispel Undead            Necr           47%        3d18      4%          4
 Conjure Ball Lightning   Conj/Air       26%        3x3d7     11%         6
 Agony                    Necr           47%        N/A       13%         5
 Alistair's Intoxication  Tmut/Pois      26%        N/A       24%         5
 Summon Lightning Spire   Summ/Air       26%        N/A       28%         4
 Eringya's Noxious Bog    Tmut/Pois      20%        N/A       32%         6
 Lehudib's Crystal Spear  Conj/Erth      34%        10d9      34%         8
 Cause Fear               Hex            9%         N/A       45%         4
 Passage of Golubria      Tloc           19%        N/A       45%         4
 Death Channel            Necr           23%        N/A       56%         6
 Silence                  Hex/Air        13%        N/A       61%         5
 Manifold Assault         Tloc           19%        N/A       80%         5
 Dragon Form              Tmut           23%        N/A       98%         7
 Storm Form               Tmut/Air       20%        N/A       99%         7
 Dispersal                Tloc           9%         N/A       100%        6
 Summon Hydra             Summ           9%         N/A       100%        7
 Disjunction              Tloc           9%         N/A       100%        8
 Maxwell's Capacitive Co  Air            16%        ∞         100%        8
 Dragon's Call            Summ           9%         N/A       100%        9
 Sublimation of Blood     Necr           Unusable   N/A       N/A         2
 Statue Form              Tmut/Erth      Unusable   N/A       N/A         6

Dungeon Overview and Level Annotations

Branches:
Dungeon (15/15)            Temple (1/1) D:4            Lair (6/6) D:8
 Shoals (4/4) Lair:4       Spider (4/4) Lair:3        Slime (0/5) Lair:6
    Orc (2/2) D:11            Elf (2/3) Orc:2        Vaults (1/5) D:13
 Depths (0/4) D:15          IceCv (visited)

Altars:
Ashenzari
Cheibriados
Dithmenos
Elyvilon
Fedhas
Gozag
Hepliaklqana
Kikubaaqudgha
Makhleb
Nemelex Xobeh
Okawaru
Qazlal
Ru
Sif Muna
Trog
Uskayaw
Vehumet
Wu Jian
Xom
Yredelemnul
Zin
The Shining One
Beogh

Shops:
D:1 [   D:6 [[[   D:7 [   D:13 =   Orc:2 :=:*   Elf:2 (   Shoals:1 :
Shoals:4 =[[

Annotations:
D:8 4 runed translucent doors
Shoals:2 3 runed translucent doors, KappaVara's ghost, adept DsFi; LaularuKyrumo's ghost, adept NaBe
Spider:3 1 runed translucent door, Duptu's ghost, adept PaHu
Elf:2 2 transporters, manifold's ghost, adept GnCj


Innate Abilities, Weirdness & Mutations

You are immune to sickness and miasma.
Your stone body is resilient. (AC +14)
You are immune to poison.
Your large and strong wings let you fly.
You resist negative energy. (rN+)
You are resistant to electric shocks. (rElec)
You are resistant to unholy torment.
You are immune to petrification.


Message History

You hit the dire elephant but do no damage.
The dire elephant looks even sicker.
The dire elephant is severely wounded.
The dire elephant tramples you!!
You hold your ground!
You block the dire elephant's attack. x2
The dire elephant trunk-slaps you but does no damage.
The dire elephant tramples you but does no damage.
You block the dire elephant's attack.
The dire elephant tramples you but does no damage.
The dire elephant trunk-slaps you but does no damage.
Unknown command.
Casting: Freezing Cloud (dangerous; 4% risk of failure)
Confirm with . or Enter, or press ? or * to list all spells.
Aiming: Iron Shot (dangerous; 1% risk of failure)
Press: ? - help, Shift-Dir - straight line, f/p - dire elephant
Aim: a dire elephant (severely wounded, very poisoned, 100% to hit)
The iron shot hits the dire elephant!!
The dire elephant is almost dead.
The dire elephant barely misses you.
The dire elephant trunk-slaps you but does no damage.
The dire elephant tramples you!
* * * LOW HITPOINT WARNING * * *
You hold your ground!
You block the dire elephant's attack.
The dire elephant tramples you but does no damage.
You block the dire elephant's attack.
Unknown command.
Casting: Iron Shot (dangerous; 1% risk of failure)
Confirm with . or Enter, or press ? or * to list all spells.
Aiming: Iron Shot (dangerous; 1% risk of failure)
Press: ? - help, Shift-Dir - straight line, f/p - dire elephant
Aim: a dire elephant (almost dead, very poisoned, 100% to hit)
The iron shot hits the dire elephant!!
You kill the dire elephant!
Vehumet accepts your kill.
You feel your power returning. The dire elephant tramples you!!
* * * LOW HITPOINT WARNING * * *
You hold your ground!
The dire elephant trunk-slaps you.
* * * LOW HITPOINT WARNING * * *
The dire elephant tramples you!!
You die...

##+######+######
#.......#......#
#....##.#..°...#
#....##.Y§○..Y.#
#..##...#[..∩Y@#
#..##.Y.#§○).†.#
#.......#......#
#.......########
...######## ...
#.. #Y. ..


You could see 3 dire elephants.

Vanquished Creatures
  A deep elf blademaster (Elf:2)
  Mlioglotl (Shoals:1)
  A kraken (Shoals:4)
  Gastronok (D:9)
  Roxanne (Shoals:3)
  Ilsuiw (Shoals:2)
  Donald (Vaults:1)
  An emperor scorpion (Spider:1)
  Louise (Spider:1)
  A deep elf sorcerer (Elf:2)
  4 ghost moths
  An orc warlord (Orc:2)
  7 broodmothers
  5 entropy weavers
  2 dire elephants
  3 spark wasps
  5 merfolk javelineers
  6 merfolk impalers
  A fire dragon (D:14)
  Josephine (D:11)
  A deep elf death mage (Elf:1)
  Harold (D:11)
  3 rakshasas (D:14)
  3 hydras
  5 boulder beetles
  3 jorogumos
  4 vault guards (D:13)
  5 merfolk aquamancers
  A catoblepas (Lair:6)
  5 merfolk avatars
  A centaur warrior (D:13)
  2 alligator snapping turtles
  22 dancing weapons
  2 two-headed ogres
  A radroach (Spider:4)
  2 tengu warriors
  A deep troll shaman (Lair:6)
  9 death yaks
  12 deep elf knights
  7 skeletal warriors (D:15)
  3 pharaoh ants (Spider:4)
  A golden dragon zombie (D:15)
  16 sea snakes
  7 orb spiders
  2 steelbarb worms (Spider:4)
  A phantasmal warrior (D:15)
  A bog body (IceCv)
  4 spectral wolf spiders (Spider:4)
  3 orc knights
  2 deep elf archers (Elf:1)
  10 ugly things
  17 harpies
  2 necromancers
  12 deep elf zephyrmancers
  4 wolf spider zombies (Spider:4)
  14 wolf spiders
  11 deep elf pyromancers
  4 moths of wrath
  2 orc sorcerers
  11 elephants
  5 fauns
  9 cyclopes
  2 ice statues (IceCv)
  9 manticores
  2 black mambas
  Joseph (D:8)
  9 merfolk sirens
  Maurice (D:9)
  A frost giant skeleton (D:15)
  2 water nymphs (Shoals:4)
  2 gargoyles
  A vault sentinel (Vaults:1)
  2 torpor snails
  9 cane toads
  3 yaktaurs (D:14)
  A komodo dragon (shapeshifter) (Elf:1)
  A yaktaur (shapeshifter) (Elf:1)
  5 demonic crawlers
  An entropy weaver simulacrum (IceCv)
  A rime drake (Lair:4)
  9 komodo dragons
  8 ice devils (IceCv)
  3 anaconda simulacra (IceCv)
  A meliai (shapeshifter) (Elf:1)
  2 tengu conjurers (D:15)
  8 trolls
  7 wolf spider simulacra (Spider:4)
  4 harpy zombies (Shoals:4)
  16 merfolk
  11 meliai
  4 polar bears
  9 wind drakes
  A tyrant leech (Lair:6)
  21 blink frogs
  2 hornets (Spider:1)
  Prince Ribbit (D:9)
  25 tarantellas
  15 slime creatures
  10 snapping turtles
  2 air elementals (Elf:1)
  A spriggan zombie (D:15)
  3 dream sheep (Shoals:3)
  Sigmund (D:2)
  2 shadows (D:11)
  40 jumping spiders
  3 dire elephant simulacra (IceCv)
  23 culicivoras
  9 water elementals
  9 wraiths
  5 wyverns
  2 vampires
  15 spriggans
  38 yaks
  5 vampire mosquitoes
  3 fire elementals (Elf:1)
  4 basilisks
  A death yak simulacrum (IceCv)
  49 redbacks
  3 steam dragons
  Edmund (D:5)
  A tengu zombie (D:15)
  An acid dragon (D:12)
  5 wargs
  Menkaure (D:6)
  4 swamp worms (Lair:6)
  3 harpy simulacra (IceCv)
  12 water moccasins
  38 orc warriors
  2 manticore zombies (Shoals:4)
  An ice beast (D:7)
  4 ogres
  A sky beast (D:8)
  5 black bears
  5 wolves (Lair:6)
  A necrophage (D:7)
  22 centaurs
  2 phantoms (D:5)
  A kobold brigand (D:11)
  2 earth elementals
  11 bullfrogs
  2 gnoll sergeants
  2 scorpions
  3 killer bees
  13 wights
  6 howler monkeys
  4 centaur zombies
  2 hounds
  A bullfrog zombie (D:5)
  13 orc priests
  4 jellies
  4 iguanas
  26 orc wizards
  A troll simulacrum (IceCv)
  A scorpion zombie (D:5)
  2 killer bee zombies
  A howler monkey zombie (D:9)
  8 gnolls
  3 adders
  14 white imps
  An ufetubus (IceCv)
  A worm (D:5)
  60 orcs
  7 ball pythons
  5 endoplasms
  2 giant cockroaches (D:1)
  7 goblins
  5 hobgoblins
  7 quokkas
  6 bats
  5 frilled lizards
  12 kobolds
  3 rats
  3 tentacles (Shoals:4)
1061 creatures vanquished.

Vanquished Creatures (collateral kills)
  Mara (Spider:3)
1 creature vanquished.

Vanquished Creatures (others)
  An air elemental (Elf:1)
  20 fungi
  83 plants
  21 tentacles (Shoals:4)
  16 withered plants
141 creatures vanquished.

Grand Total: 1203 creatures vanquished

Notes
Turn   | Place    | Note
-------+----------+-------------------------------------------
     0 | D:1      | protoss039 the Gargoyle Earth Elementalist began the quest
                  | for the Orb.
     0 | D:1      | Reached XP level 1. HP: 10/10 MP: 3/3
    51 | D:1      | Reached skill level 1 in Transmutations
   214 | D:1      | Reached XP level 2. HP: 11/15 MP: 1/5
   395 | D:1      | Found Doerr's Antique Armour Emporium.
   648 | D:1      | Reached XP level 3. HP: 19/19 MP: 6/6
   980 | D:1      | Learned a level 2 spell: Passwall
   984 | D:1      | Learned a level 3 spell: Stone Arrow
  1005 | D:2      | Reached XP level 4. HP: 17/24 MP: 2/7
  1090 | D:2      | Found a shadowy altar of Dithmenos.
  1250 | D:2      | Found a faded altar of an unknown god.
  1694 | D:2      | Noticed Sigmund
  1698 | D:2      | Killed Sigmund
  1699 | D:2      | Reached skill level 3 in Spellcasting
  1699 | D:2      | Reached XP level 5. HP: 28/28 MP: 3/9
  1699 | D:2      | Reached XP level 6. HP: 32/32 MP: 3/10
  2107 | D:2      | Learned a level 4 spell: Petrify
  2734 | D:3      | Found an ancient bone altar of Kikubaaqudgha.
  3441 | D:4      | Reached skill level 1 in Fighting
  3549 | D:4      | Reached XP level 7. HP: 10/38 MP: 6/12
  3883 | D:4      | Found a staircase to the Ecumenical Temple.
  3917 | Temple   | Entered the Ecumenical Temple
  4048 | Temple   | Became a worshipper of Vehumet
  4818 | D:5      | Entered Level 5 of the Dungeon
  5112 | D:5      | Noticed Edmund
  5262 | D:5      | Reached skill level 4 in Spellcasting
  5448 | D:5      | Reached skill level 5 in Earth Magic
  5449 | D:5      | Noticed a two-headed ogre
  6021 | D:5      | Reached XP level 8. HP: 41/45 MP: 7/14
  6145 | D:5      | Identified the +0 chain mail of the Volcano {Str+4 Int+2
                  | Stlth+}
  6280 | D:5      | Killed Edmund
  6873 | D:5      | Found a bloodstained altar of Trog.
  6996 | D:6      | Reached skill level 1 in Armour
  7308 | D:6      | Noticed Menkaure
  7314 | D:6      | Killed Menkaure
  7365 | D:6      | Found Foshiag's Armour Emporium.
  7393 | D:6      | Reached skill level 5 in Spellcasting
  7516 | D:6      | Found Uprafuta's Armour Emporium.
  7551 | D:6      | Found Etof's Distillery.
  7557 | D:6      | Bought a potion of curing for 33 gold pieces
  7580 | D:6      | Reached skill level 5 in Conjurations
  7622 | D:6      | Found Loamn's Armour Shoppe.
  7672 | D:6      | Reached * piety under Vehumet
  7672 | D:6      | Offered knowledge of Magic Dart by Vehumet.
  7951 | D:7      | Reached XP level 9. HP: 33/50 MP: 5/16
  8070 | D:7      | Found Okkaerch's Armour Emporium.
  8253 | D:7      | Found an opulent altar of Gozag.
  8592 | D:7      | Reached skill level 6 in Spellcasting
  8715 | D:7      | Found a shimmering altar of Xom.
  8832 | D:8      | Found a huge runed translucent gate.
  8832 | D:8      | Noticed a polar bear
  8832 | D:8      | Noticed a polar bear
  8833 | D:8      | Found a huge runed translucent gate.
  8833 | D:8      | Found a huge runed translucent gate.
  8833 | D:8      | Found a huge runed translucent gate.
  8833 | D:8      | Noticed a polar bear
  8833 | D:8      | Noticed a polar bear
  8996 | D:8      | Noticed an elephant
  8997 | D:8      | Found a staircase to the Lair.
  9018 | D:8      | Killed an elephant
  9019 | D:8      | Reached skill level 5 in Fighting
  9019 | D:8      | Reached skill level 7 in Spellcasting
  9019 | D:8      | Reached XP level 10. HP: 34/59 MP: 6/20
  9429 | D:8      | Noticed Joseph
  9440 | D:8      | Killed Joseph
  9441 | D:8      | Reached skill level 8 in Spellcasting
  9900 | D:8      | Found a sparkling altar of Nemelex Xobeh.
 10103 | D:8      | Offered knowledge of Poisonous Vapours by Vehumet.
 10108 | D:8      | Learned a level 2 spell: Poisonous Vapours
 10119 | D:8      | Reached ** piety under Vehumet
 10201 | D:9      | Noticed a two-headed ogre
 10217 | D:9      | Killed a two-headed ogre
 10224 | D:9      | Reached skill level 1 in Poison Magic
 10398 | D:9      | Noticed Prince Ribbit
 10405 | D:9      | Killed Prince Ribbit
 11139 | D:9      | Noticed Gastronok
 11159 | D:9      | Killed Gastronok
 11160 | D:9      | Reached XP level 11. HP: 67/67 MP: 5/23
 11192 | D:9      | Noticed Maurice
 11198 | D:9      | Killed Maurice
 11457 | D:10     | Entered Level 10 of the Dungeon
 11687 | D:10     | Reached skill level 5 in Armour
 12194 | D:10     | Found a shimmering blue altar of Sif Muna.
 12395 | D:10     | Learned a level 3 spell: Mephitic Cloud
 12401 | D:10     | Learned a level 5 spell: Freezing Cloud
 12420 | D:11     | Noticed Harold
 12427 | D:11     | Killed Harold
 12592 | D:11     | Reached skill level 9 in Spellcasting
 12592 | D:11     | Reached skill level 1 in Ice Magic
 12680 | D:11     | Offered knowledge of Searing Ray by Vehumet.
 12773 | D:11     | Noticed a cyclops
 12783 | D:11     | Killed a cyclops
 12824 | D:11     | Reached skill level 1 in Air Magic
 12968 | D:11     | Reached *** piety under Vehumet
 12992 | D:11     | Found a frozen archway.
 13041 | IceCv    | Entered an ice cave
 13340 | IceCv    | Offered knowledge of Olgreb's Toxic Radiance by Vehumet.
 13800 | IceCv    | Reached XP level 12. HP: 58/73 MP: 13/25
 14183 | IceCv    | Reached skill level 10 in Earth Magic
 14429 | IceCv    | Reached skill level 5 in Shields
 14866 | D:11     | Found a hide-covered altar of Uskayaw.
 14873 | D:11     | Reached **** piety under Vehumet
 15108 | D:11     | Offered knowledge of Iskenderun's Mystic Blast by Vehumet.
 15480 | D:11     | Found a staircase to the Orcish Mines.
 15718 | D:12     | Noticed a boulder beetle
 15728 | D:12     | HP: 3/75 [boulder beetle (19)]
 15732 | D:12     | Killed a boulder beetle
 16764 | D:13     | Noticed a centaur warrior
 16964 | D:13     | Killed a centaur warrior
 17162 | D:13     | You fall into a shaft and drop 1 floor!
 17164 | D:14     | Noticed a fire dragon
 17294 | D:13     | Reached skill level 5 in Transmutations
 17574 | D:13     | Found a gate to the Vaults.
 17574 | D:13     | Noticed a tengu warrior
 17574 | D:13     | Noticed a vault guard
 17574 | D:13     | Noticed a boulder beetle
 17574 | D:13     | Noticed a vault guard
 17574 | D:13     | Noticed a vault guard
 17574 | D:13     | Noticed a vault guard
 17701 | Lair:1   | Entered Level 1 of the Lair of Beasts
 17838 | Lair:1   | Reached XP level 13. HP: 78/80 MP: 15/26
 18946 | Lair:2   | Reached ***** piety under Vehumet
 19071 | Lair:2   | Offered knowledge of Spellforged Servitor by Vehumet.
 20237 | Lair:2   | Reached skill level 10 in Spellcasting
 21034 | Lair:3   | Found a hole to the Spider Nest.
 22317 | Lair:4   | Found a staircase to the Shoals.
 23906 | Lair:5   | Gained mutation: Your large and strong wings let you fly.
                  | [Gargoyle growth]
 23906 | Lair:5   | Reached XP level 14. HP: 86/86 MP: 25/28
 23970 | Lair:5   | Reached skill level 11 in Spellcasting
 24867 | Lair:6   | Entered Level 6 of the Lair of Beasts
 25008 | Lair:6   | Reached skill level 12 in Spellcasting
 25175 | Lair:6   | Found a staircase to the Slime Pits.
 25621 | Lair:6   | Offered knowledge of Conjure Ball Lightning by Vehumet.
 25945 | Lair:6   | Identified the +9 trident "Ypsiupod" {venom, *Noise rC+
                  | Will+++ Stlth+}
 26005 | Lair:6   | Got the Papyrus of Creative Dislocation
 26809 | Lair:6   | Noticed a dire elephant
 27192 | Lair:6   | Reached skill level 13 in Spellcasting
 27465 | Lair:6   | Killed a dire elephant
 27558 | Lair:6   | Identified the ring "Hiont" {Fly SInv}
 27563 | Lair:6   | Identified the +0 ring mail of Vidwomm {Dex+4}
 27855 | D:13     | Found Ebbiz's Jewellery Shop.
 29218 | D:14     | Reached XP level 15. HP: 87/92 MP: 12/32
 29440 | D:14     | Reached skill level 10 in Fighting
 29440 | D:14     | Reached skill level 10 in Armour
 29440 | D:14     | Reached skill level 10 in Shields
 29925 | D:14     | Identified the +1 robe of Greed {Contam Will+ Int+4}
 30411 | D:15     | Entered Level 15 of the Dungeon
 32212 | D:15     | Found a staircase to the Depths.
 32507 | D:15     | Offered knowledge of Ozocubu's Refrigeration by Vehumet.
 32575 | D:15     | Reached skill level 14 in Spellcasting
 33541 | Orc:1    | Entered Level 1 of the Orcish Mines
 33544 | Orc:1    | Noticed Josephine
 33555 | D:11     | Killed Josephine
 34297 | Orc:2    | Entered Level 2 of the Orcish Mines
 35251 | Orc:2    | Found Ufeodigg's Book Boutique.
 35325 | Orc:2    | Noticed an orc warlord
 35339 | Orc:2    | Killed an orc warlord
 35516 | Orc:2    | Found Xeinoty's Assorted Antiques.
 35572 | Orc:2    | Found a staircase to the Elven Halls.
 35680 | Orc:2    | Found Buyw Rasi's General Store.
 35680 | Orc:2    | Found Woxtotas's Jewellery Shop.
 35683 | Orc:2    | Found Budiror's Book Shoppe.
 35974 | Orc:2    | Bought a ring of magical power for 240 gold pieces
 36106 | D:7      | Bought a +0 pair of gloves for 54 gold pieces
 36239 | D:1      | Bought a glowing helmet for 165 gold pieces
 36239 | D:1      | Bought a distressingly furry scale mail for 198 gold pieces
 36239 | D:1      | Identified the +2 scale mail of Suuroob {rN+ Int+2 Dex-3}
                  | (You bought it in a shop on level 1 of the Dungeon)
 36239 | D:1      | Bought a polished chain mail for 209 gold pieces
 36239 | D:1      | Identified the +0 chain mail of Xarghybef {Rampage rElec
                  | rC- rN+++} (You bought it in a shop on level 1 of the
                  | Dungeon)
 36382 | D:6      | Bought a potion of mutation for 88 gold pieces
 36382 | D:6      | Bought a potion of ambrosia for 88 gold pieces
 36382 | D:6      | Bought a potion of haste for 110 gold pieces
 36382 | D:6      | Bought a potion of heal wounds for 55 gold pieces
 36596 | Orc:2    | Bought Great Wizards, Vol. II for 646 gold pieces
 36602 | Orc:2    | Learned a level 5 spell: Borgnjor's Vile Clutch
 36774 | Spider:1 | Entered Level 1 of the Spider Nest
 36931 | Spider:1 | Reached XP level 16. HP: 66/100 MP: 17/34
 37446 | Spider:1 | Reached skill level 1 in Necromancy
 37603 | Spider:1 | Reached skill level 1 in Fire Magic
 38073 | Spider:1 | Noticed Louise
 38084 | Spider:1 | Killed Louise
 39027 | Spider:1 | Reached ****** piety under Vehumet
 39327 | Spider:2 | Offered knowledge of Orb of Destruction by Vehumet.
 40293 | Spider:2 | Reached skill level 10 in Conjurations
 40421 | Spider:2 | Identified the +7 great sword of Fejean {vorpal, Str+8
                  | Int-4 Dex+2 SInv}
 40936 | Spider:2 | Learned a level 7 spell: Orb of Destruction
 41065 | Spider:3 | Noticed Mara
 41250 | Spider:3 | Noticed protoss039's illusion
 41753 | Spider:3 | Noticed protoss039's illusion
 42541 | Spider:3 | Offered knowledge of Lee's Rapid Deconstruction by Vehumet.
 42987 | Spider:3 | Found a runed translucent door.
 42987 | Spider:3 | Noticed Duptu's ghost (adept PaHu)
 43056 | Spider:3 | Noticed protoss039's illusion
 43189 | Spider:4 | Entered Level 4 of the Spider Nest
 43979 | Spider:4 | Reached XP level 17. HP: 57/106 MP: 21/35
 45013 | Spider:4 | Reached skill level 15 in Spellcasting
 45864 | Spider:4 | Reached skill level 5 in Necromancy
 45866 | Spider:4 | Offered knowledge of Iron Shot by Vehumet.
 46185 | Spider:4 | Got a gossamer rune of Zot
 46756 | Spider:2 | Learned a level 6 spell: Iron Shot
 47117 | Spider:3 | Killed Mara
 47806 | Shoals:1 | Entered Level 1 of the Shoals
 47960 | Shoals:1 | Noticed Mlioglotl
 47965 | Shoals:1 | Noticed a tentacled starspawn
 47967 | Shoals:1 | Killed Mlioglotl
 49492 | Shoals:1 | Found Jeut's Book Shop.
 50026 | Shoals:1 | Identified the +1 ring mail "Nucwak" {rC+}
 50584 | Shoals:2 | Noticed Ilsuiw
 50595 | Shoals:2 | Reached XP level 18. HP: 112/112 MP: 4/37
 50608 | Shoals:2 | Killed Ilsuiw
 51416 | Shoals:2 | Offered knowledge of Maxwell's Capacitive Coupling by
                  | Vehumet.
 51707 | Shoals:2 | Found a runed translucent gate.
 51708 | Shoals:2 | Found a runed translucent gate.
 51709 | Shoals:2 | Found a runed translucent gate.
 51710 | Shoals:2 | Noticed KappaVara's ghost (adept DsFi)
 51711 | Shoals:2 | Noticed LaularuKyrumo's ghost (adept NaBe)
 52416 | Shoals:3 | Noticed Roxanne
 53660 | Shoals:3 | Killed Roxanne
 53795 | Shoals:4 | Entered Level 4 of the Shoals
 53799 | Shoals:4 | Found Tonostam's Armour Boutique.
 53932 | Shoals:4 | Found Zaoqic's Jewellery Emporium.
 55854 | Shoals:4 | Found Neucs's Armour Boutique.
 56395 | Shoals:4 | Reached skill level 16 in Spellcasting
 56820 | Shoals:4 | Identified the +1 leather armour of Lightning Storm
                  | {Rampage rF- Int+4 SInv}
 56995 | Shoals:4 | Got a barnacled rune of Zot
 57378 | Elf:1    | Entered Level 1 of the Elven Halls
 59011 | Elf:1    | Reached XP level 19. HP: 116/116 MP: 25/39
 59259 | Elf:2    | Reached skill level 15 in Armour
 59259 | Elf:2    | Reached skill level 15 in Shields
 59415 | Elf:2    | Found a transporter.
 59421 | Elf:2    | Found a transporter.
 59426 | Elf:2    | Found a bloodstained altar of Trog.
 59658 | Elf:2    | Noticed manifold's ghost (adept GnCj)
 59690 | Elf:2    | Found Kirghona's Antique Weapon Emporium.
 59698 | Elf:2    | Bought an ichor-stained scimitar for 405 gold pieces
 59698 | Elf:2    | Identified the +10 scimitar of Fibach {flame, *Noise rElec
                  | Dex+4} (You bought it in a shop on level 2 of the Elven
                  | Halls)
 59698 | Elf:2    | Bought a polished whip for 337 gold pieces
 59698 | Elf:2    | Identified the +4 whip of Imuxzun {venom, rElec rC+ rN+}
                  | (You bought it in a shop on level 2 of the Elven Halls)
 59840 | Elf:2    | Found a huge runed translucent gate.
 59840 | Elf:2    | Found a huge runed translucent gate.
 59850 | Elf:2    | Found a huge runed translucent gate.
 59990 | Elf:2    | Found a huge runed translucent gate.
 59990 | Elf:2    | Found a huge runed translucent gate.
 60132 | Elf:2    | Offered knowledge of Shatter by Vehumet.
 60132 | Elf:2    | Offered knowledge of Chain Lightning by Vehumet.
 60132 | Elf:2    | Offered knowledge of Ignition by Vehumet.
 60871 | Elf:2    | Reached skill level 17 in Spellcasting
 61053 | Elf:2    | Learned a level 9 spell: Shatter
 61063 | Elf:2    | Learned a level 8 spell: Ignition
 61271 | Vaults:1 | Entered Level 1 of the Vaults
 61295 | Vaults:1 | Noticed Donald
 61307 | Vaults:1 | Killed Donald
 61581 | Vaults:1 | Demolished by a dire elephant

Illustrated notes

Levels and vault maps discovered:
D:1:      nzn_arrival_water_spiral, layout_basic, serial_shops,
          nicolae_shop_stone
D:2:      layout_loops_ring, basic_ecumenical_altar, basic_altar, hex_tiny,
          uniq_sigmund
D:3:      layout_loops_ring, nicolae_kikubaaqudgha_miasma_corner,
          nicolae_figureground_pulse
D:4:      layout_loops_ring, minmay_temple_entry_proselytizer,
          kennysheep_doodads, eino_curves_04, hangedman_glass_teeth
D:5:      layout_loops_corners, marbit_many_paths, uniq_edmund
D:6:      layout_rooms, serial_shops, shop, shop, nicolae_shop_hallway_stairs,
          shop, uniq_menkaure
D:7:      layout_basic, mainiacjoe_overflow_surrounded_room,
          mainiacjoe_overflow_alcove_4, serial_shops, nicolae_shop_waterfront
D:8:      lemuel_bear_cage, layout_basic, mainiacjoe_overflow_brackets,
          david_lair_generic, mrwooster_statue_mirror, david_defended_altar_orc,
          uniq_joseph
D:9:      layout_rooms, uniq_maurice, uniq_prince_ribbit1, uniq_gastronok
D:10:     layout_loops_ring, mainiacjoe_overflow_cross_hatched
D:11:     layout_basic, minmay_orc_entry_guard_dogs, portal_ice_cave_entry_imps,
          minmay_crystal_room, nicolae_uskayaw_dance_studio, uniq_harold
D:12:     layout_loops_corners, nicolae_figureground_sparkle
D:13:     layout_loops_ring, lightli_vaults_fourway_checkpoint, serial_shops,
          nicolae_shop_hallway_stairs
D:14:     layout_rooms, glass_columns_a, grunt_ministairs_14,
          nicolae_burly_brawl
D:15:     gammafunk_depths_entry_grave, layout_cave_pods, nrook_uturn,
          palyth_stone_intersect
Temple:   regret_index_temple_sphere_string
Lair:1:   kb_forest_paths, layout_loops_ring
Lair:2:   layout_roguey
Lair:3:   layout_gridlike, spider_nest_entry_a, beast_lair_carwin_3,
          grunt_megastairs_5
Lair:4:   layout_layer_cave, shoals_dummy_entry, chequers_serial_rivers_marsh
Lair:5:   layout_small_grid, lightli_volcano_entry_magma_tube, minmay_holes,
          wad_woods_01
Lair:6:   grunt_lair_end_beastmaster, layout_big_grid,
          minmay_slime_entry_pillars, nicolae_lair_lil_pond,
          nicolae_quartered_pool_impasse, minivault_25, ldierk_geyser,
          worms_lemuel, infiniplex_staircase_pool_2
Shoals:1: layout_shoals, serial_shops, nicolae_shop_competitors_out_of_business,
          nicolae_shoals_aquamancer_cove, uniq_mlioglotl
Shoals:2: layout_shoals, gammafunk_ghost_cemetery, uniq_ilsuiw
Shoals:3: layout_shoals, uniq_roxanne
Shoals:4: shoals_end_hangedman, layout_shoals, serial_shops,
          nicolae_shop_advertising_works [nicolae_subvault_shop_adworks],
          nicolae_shop_hallway_plus, nicolae_shop_crystal,
          nicolae_shoals_undead_eyrie
Spider:1: layout_spider_delve, guppyfry_hornet_nest, uniq_louise
Spider:2: layout_spider_delve, guppyfry_spider_mini_1
Spider:3: nicolae_spider_mines_1, gammafunk_ghost_grave, uniq_mara
Spider:4: hellmonk_spider_rune_endless_swarm, nicolae_spider_undead_wolf_pack
Orc:1:    cheibrodos_orc_arena, layout_caves, uniq_josephine
Orc:2:    st_orc_rangers, layout_caves, special_room, serial_shops,
          nicolae_lakefront_shop, basic_altar
Elf:1:    layout_geoelf_grid, evilmike_minifort, grunt_megastairs_4
Elf:2:    elven_hall_of_blades_hangedman_alternative
          [nicolae_blade_entry_pointy_end], layout_gridlike,
          gammafunk_ghost_wrathful_warriors, serial_shops, nicolae_diamond_shop,
          grunt_ministairs_10
Vaults:1: hangedman_vaults_pinch, ontoclasm_vaults_hangar,
          nicolae_vaults_network_quincunx
          [nicolae_vaults_network_quincunx_subvault,
          nicolae_vaults_network_quincunx_subvault,
          nicolae_vaults_network_quincunx_subvault,
          nicolae_vaults_network_quincunx_subvault,
          nicolae_vaults_network_quincunx_subvault], nicolae_vaults_little_ls,
          hangedman_vaults_cutoff, vaults_room_guarded_vault, vaults_mumra_hex,
          v_misc_24, nicolae_vaults_diagonal_hallway_8,
          nicolae_vaults_border_crossing, layout_vaults_big_cross, uniq_donald

Skill      XL: |  1  2  3  4  5  6  7  8  9 10 11 12 13 14 15 16 17 18 19 |
---------------+----------------------------------------------------------+-----
Transmutations | 1 2 3 4 5 6 |  6.0
Dodging        | 2 3 |  3.0
Stealth        | 3 |  3.1
Earth Magic    | 4 5 6 9 10 11 12 13 14 | 14.9
Spellcasting   | 3 4 5 7 8 9 10 13 14 15 16 17 | 17.0
Conjurations   | 2 3 5 6 7 8 9 10 11 12 | 12.0
Fighting       | 1 2 3 5 7 8 9 11 12 | 12.0
Armour         | 3 4 6 9 11 12 13 14 15 | 15.0
Poison Magic   | 2 3 |  3.0
Shields        | 2 4 6 9 11 12 13 14 15 | 15.0
Ice Magic      | 2 3 |  3.0
Air Magic      | 1 3 |  3.0
Necromancy     | 3 5 6 |  6.0
Fire Magic     | 1 |  1.0

Action                   |  1- 3 |  4- 6 |  7- 9 | 10-12 | 13-15 | 16-18 | 19-21 || total
-------------------------+-------+-------+-------+-------+-------+-------+-------++-------
Melee: Unarmed           |    10 |       |       |       |       |       |       ||    10
       Short sword       |    56 |   117 |    39 |       |       |       |       ||   212
       Punch             |       |     1 |       |     1 |     2 |       |       ||     4
       Staff             |       |       |    23 |    44 |   121 |       |       ||   188
       Trident           |       |       |       |       |   100 |   263 |    45 ||   408
 Cast: Sandblast         |    13 |    15 |   157 |   179 |   198 |    34 |     1 ||   597
       Stone Arrow       |       |       |     9 |   184 |   578 |   281 |       ||  1052
       Mephitic Cloud    |       |       |       |    11 |   131 |    14 |     2 ||   158
       Poisonous Vapours |       |       |       |     4 |       |       |       ||     4
       Petrify           |       |       |       |     3 |     4 |       |       ||     7
       Freezing Cloud    |       |       |       |       |    60 |   138 |     8 ||   206
       Passwall          |       |       |       |       |     4 |     1 |       ||     5
       Borgnjor's Vile C |       |       |       |       |       |   177 |    33 ||   210
       Orb of Destructio |       |       |       |       |       |    99 |     7 ||   106
       Iron Shot         |       |       |       |       |       |   104 |    24 ||   128
Evoke: Wand              |       |       |       |     3 |     4 |       |       ||     7
  Use: Scroll            |       |       |     5 |     8 |    12 |    11 |     4 ||    40
       Potion            |       |       |       |     6 |       |     2 |     3 ||    11
 Stab: Sleeping          |     3 |     5 |     1 |       |       |     1 |       ||    10
       Distracted        |       |     1 |       |       |       |     1 |       ||     2
       Confused          |       |       |       |     2 |     5 |       |       ||     7
Armor: Robe              |    19 |    18 |       |       |       |       |       ||    37
       Ring mail         |       |    15 |    26 |       |       |       |       ||    41
       Chain mail        |       |    10 |    54 |   134 |   388 |       |       ||   586
       Scale mail        |       |       |     2 |       |   106 |   598 |    40 ||   746
Dodge: Dodged            |    61 |    54 |    77 |   101 |   266 |   287 |    17 ||   863
Block: Kite shield       |       |       |       |     5 |   109 |   456 |    38 ||   608
       Buckler           |       |       |       |       |    33 |       |       ||    33
       Reflection        |       |       |       |       |    20 |    17 |     4 ||    41
